 Dungeon Crawl Stone Soup version 0.18-a0-1036-g7ac1859 (webtiles) character file.

230173 vismund the Warrior (level 19, -34/133 HPs)
             Began as a Gargoyle Berserker on Jan 10, 2016.
             Was the Champion of Trog.
             Blown up by an orb spider (66 damage)
             ... with an orb of destruction
             ... on level 4 of the Spider Nest.
             The game lasted 03:00:48 (36796 turns).

vismund the Warrior (Gargoyle Berserker)           Turns: 36796, Time: 03:00:48

Health: -34/133    AC: 58    Str: 35    XL:     19   Next: 47%
Magic:  19/19      EV: 11    Int: 16    God:    Trog [******]
Gold:   730        SH:  8    Dex:  6    Spells: 0 memorised, 18 levels left

rFire  . . .     SeeInvis +     Y - +2 eveningstar (flame)
rCold  . . .     Gourm    .     u - +9 plate armour of the Tundras {+Blink rPois rN+ Stlth+}
rNeg   + + +     Faith    .     y - +3 buckler {AC+3}
rPois  ∞         Spirit   .     V - +2 helmet {SInv}
rElec  +         Dismiss  .     f - +0 cloak of Beyond {Str+2 Int+4}
rCorr  .         Reflect  .     G - +1 pair of gloves
SustAt .         Harm     .     E - +2 pair of boots {Fly}
MR     +++++     Clarity  +     S - amulet of the Four Winds {rN+ MR+++ Clar}
Stlth  ..........               I - +3 ring of strength
                                J - ring of Cidweits {rElec MR+ Str+4 Int+2 Dex-4}

@: flying, almost entirely resistant to hostile enchantments, extremely
unstealthy
A: big wings, molten scales 1, thin metallic scales 1, negative energy
resistance 1, electricity resistance, unbreathing, petrification resistance, rot
immunity, AC +13
a: Stop Flying, Berserk, Trog's Hand, Brothers in Arms, Burn Spellbooks,
Renounce Religion, Evoke Blink
}: 1/15 runes: decaying


You were on level 4 of the Spider Nest.
You worshipped Trog.
Trog was exalted by your worship.
You were not hungry.

You visited 6 branches of the dungeon, and saw 35 of its levels.
You also visited: Labyrinth, Bailey and Ice Cave.

You collected 3891 gold pieces.
You spent 3161 gold pieces at shops.

Inventory:

Hand Weapons
 i - a +2 eveningstar of electrocution
 Y - a +2 eveningstar of flaming (weapon)
Missiles
 D - 27 tomahawks (quivered)
Armour
 f - the +0 cloak of Beyond (worn) {Str+2 Int+4}
   (You bought it in a shop on level 2 of the Orcish Mines)

   It affects your strength (+2).
   It affects your intelligence (+4).
 u - the +9 plate armour of the Tundras (worn) {+Blink rPois rN+ Stlth+}
   (You bought it in a shop on level 14 of the Dungeon)

   It protects you from poison.
   It protects you from negative energy.
   It lets you blink.
   It makes you more stealthy.
 y - a +3 buckler of protection (worn)
 E - a +2 pair of boots of flying (worn)
 G - a +1 pair of gloves (worn)
 V - a +2 helmet of see invisible (worn)
Jewellery
 a - an uncursed amulet of mana regeneration
 o - a +3 amulet of reflection
 p - an uncursed ring of teleportation
 q - an uncursed ring of see invisible
 I - a +3 ring of strength (right hand)
 J - the ring of Cidweits (left hand) {rElec MR+ Str+4 Int+2 Dex-4}
   (You acquired it in a bailey)

   [ring of intelligence]

   It affects your strength (+4).
   It affects your intelligence (+2).
   It affects your dexterity (-4).
   It insulates you from electricity.
   It affects your resistance to hostile enchantments.
 O - an uncursed ring of protection from cold
 Q - a cursed ring of resist corrosion
 S - the amulet of the Four Winds (around neck) {rN+ MR+++ Clar}
   (You bought it in a shop on level 2 of the Orcish Mines)

   [amulet of nothing]

   It protects you from negative energy.
   It affects your resistance to hostile enchantments.
   It protects you against confusion.
 U - an uncursed amulet of regeneration
Wands
 s - a wand of heal wounds (1/9)
Scrolls
 d - 19 scrolls of identify
 e - 12 scrolls of teleportation
 l - 2 scrolls of holy word
 m - 16 scrolls of remove curse
 n - 4 scrolls of fear
 r - a scroll of recharging
 v - 5 scrolls of magic mapping
 w - a scroll of random uselessness
 x - a scroll of summoning
 H - a scroll of fog
 L - 3 scrolls of blinking
 Z - 4 scrolls of enchant armour
Potions
 g - 24 potions of curing
 h - 4 potions of agility
 j - a potion of haste
 k - 3 potions of lignification
 t - 2 potions of magic
 z - 5 potions of cancellation
 C - a potion of resistance
 F - a potion of poison
 K - 4 potions of berserk rage
 M - 11 potions of heal wounds
 X - 2 potions of cure mutation
Comestibles
 b - 9 meat rations
 c - 9 bread rations
 A - 4 fruits
 N - 4 beef jerkies
 P - 7 slices of pizza
 R - 14 royal jellies


   Skills:
 + Level 19.5 Fighting
 - Level 19.0 Maces & Flails
 + Level 16.8 Armour
 - Level 10.0 Dodging
 - Level 10.7 Shields


You had 18 spell levels left.
You didn't know any spells.

Dungeon Overview and Level Annotations

Branches:
Dungeon (15/15)            Temple (0/1) D:7            Lair (8/8) D:11
  Swamp (4/4) Lair:4       Spider (4/4) Lair:6        Slime (0/6) Lair:6
    Orc (2/2) D:12            Elf (2/3) Orc:2        Vaults (0/5) D:14
 Depths (0/5) D:15

Altars:
Dithmenos
Fedhas
Kikubaaqudgha
Makhleb
Nemelex Xobeh
Okawaru
Sif Muna
Vehumet
Xom

Shops:
D:5 =   D:14 [   D:15 ?=(%(   Orc:2 =(!(%%%*[   Elf:1 [

Annotations:
Lair:6 exclusion: 3 oklob plants
Elf:2 4 runed doors


Innate Abilities, Weirdness & Mutations

You are resistant to torment.
Your stone body is resilient (AC +13).
You are immune to poison.
Your large and strong wings let you fly indefinitely.
You resist negative energy.
You are resistant to electric shocks.
You can survive without breathing.
You are immune to petrification.
You are immune to rotting.
You are partially covered in molten scales (AC +1).
You are partially covered in thin metallic scales (AC +2).


Message History

* * * LOW HITPOINT WARNING * * *
The orb spider weaves a glowing orb of energy.
An orb of destruction comes into view.
You puncture the orb spider! You burn the orb spider.
The orb spider is almost dead.
You closely miss the orb spider.
The orb spider is almost dead.
The orb spider weaves a glowing orb of energy.
The orb spider pulsates with a strange energy.
An orb of destruction comes into view.
The orb spider spins a strand of pure energy.
The orb spider weaves a glowing orb of energy.
An orb of destruction comes into view.
The orb of destruction hits a rock wall.
The rock wall explodes into countless fragments.
Drink which item? (? for menu, Esc to quit)
You feel much better. The orb of destruction hits you!
* * * LOW HITPOINT WARNING * * *
The orb of destruction hits you!
You die...

.#...................#.#.......#.
..<..#...............^.........#.
..#.....#..#....^.....#..†.......
...^........#.....#...#....†#....
.....#..#..^..#..................
.^#...#....^#...#....^#^#........
.............^.............#....#
.......#...†.s§..^...............
.#............§§@.....#.#..#^....
...^.....^.#..§.§....^......#...#
.^...^...#..s§.§§.#..............
...#^.......#..§§s...#....^#...#.
......#.†.......s§......#....#.#.
#).........^..#...............^..
.................^....^^........#
#####.....†.......†.######.#.....
####...††.^..#### #.......


You could see 4 orb spiders.

Vanquished Creatures
  A deep elf blademaster (Elf:2)
  Gastronok (Lair:2)
  The ghost of dacendoran the Devastator, an adept DECj of Vehumet (Swamp:4)
  Agnes (Elf:1)
  Frances (D:12)
  3 thorn hunters
  The ghost of Phlounder the Black Belt, an adept DsTm of Makhleb (Swamp:4)
  A deep elf sorcerer (Elf:1)
  2 emperor scorpions
  Maud (Lair:3)
  A ghost moth (Spider:3)
  An orc warlord (Bailey)
  A very ugly thing (Swamp:4)
  The ghost of lagrange the Protected, a journeyman DDBe of Trog (Lair:5)
  2 deep elf demonologists (Elf:2)
  A deep elf death mage (Elf:2)
  2 spark wasps
  Snorg (Lair:3)
  A minotaur (Lab)
  4 fire dragons
  Fannar (Lair:3)
  Josephine (D:15)
  A deep elf high priest (Elf:1)
  22 hydras
  An ice dragon (Lair:4)
  4 entropy weavers
  4 centaur warriors
  A catoblepas (Lair:8)
  18 dancing weapons
  Erolcha (D:12)
  6 alligators
  2 orc high priests
  10 spriggans
  Sonja (D:11)
  9 deep elf knights (Elf:2)
  Nergalle (Lair:3)
  A fire crab (Swamp:4)
  An unseen horror (D:13)
  8 deep elf archers
  3 spriggan druids
  2 necromancers
  8 swamp dragons
  3 lindwurms
  39 deep elf magi
  3 wizards
  2 hill giants
  Pikel (D:4)
  The ghost of vismund the Quickloader, a novice CeHu (D:6)
  3 orc knights
  3 orc sorcerers
  19 wolf spiders
  3 cyclopes
  A wolf spider zombie (D:15)
  A manticore (D:13)
  13 orb spiders
  2 griffons
  14 ugly things
  9 black mambas
  3 hornets
  A centaur zombie (D:12)
  A molten gargoyle (Swamp:4)
  An ice statue (IceCv)
  2 gargoyles
  16 demonic crawlers
  6 torpor snails
  6 centaur skeletons
  19 spiny frogs
  18 komodo dragons
  2 kobold demonologists (D:15)
  4 fire drakes
  10 freezing wraiths (IceCv)
  4 trolls
  42 jumping spiders
  9 polar bears
  11 giant leeches
  25 slime creatures
  Prince Ribbit (D:4)
  5 boulder beetles
  A raiju (Lair:8)
  A two-headed ogre (D:11)
  13 blink frogs
  A hornet zombie (D:13)
  A wolf spider simulacrum (D:15)
  4 bog bodies
  90 redbacks
  6 wraiths
  3 shadows
  26 tarantellas
  2 air elementals
  A water elemental (Elf:1)
  A human (shapeshifter) (Elf:2)
  47 yaks
  A wyvern (D:10)
  A yak (shapeshifter) (Lair:8)
  A basilisk (Lair:8)
  A hungry ghost (D:13)
  11 hippogriffs
  A steam dragon (D:9)
  2 fire elementals
  16 vampire mosquitoes
  18 wolves
  8 wargs
  17 swamp worms
  3 mottled dragons (Swamp:4)
  19 insubstantial wisps
  14 water moccasins
  19 porcupines
  Duvessa (D:4)
  4 hell hounds (Lair:8)
  11 swamp drakes
  35 orc warriors
  12 ice beasts
  13 black bears
  3 sky beasts
  A slave (D:4)
  15 wasps
  9 ogres
  A phantom (D:8)
  17 centaurs
  23 crocodiles
  3 big kobolds
  20 giant frogs
  5 earth elementals
  A gnoll sergeant (D:8)
  Dowan (D:4)
  5 scorpions
  The ghost of BagglesTheElf the Skirmisher, a weakling MiBe of Trog (D:3)
  8 killer bees
  3 wights (D:9)
  A swamp dragon simulacrum (IceCv)
  An electric eel (Lair:3)
  4 crimson imps
  A draconian simulacrum (IceCv)
  6 giant frog zombies
  A quasit (D:13)
  5 jellies
  18 hounds
  A giant frog skeleton (D:10)
  2 gnoll shamans (D:8)
  9 orc priests
  20 orc wizards
  6 iguanas
  A killer bee zombie (D:9)
  2 spriggan simulacra (IceCv)
  5 troll simulacra (IceCv)
  10 worker ants
  A polar bear simulacrum (IceCv)
  37 sheep
  2 wolf simulacra (IceCv)
  6 centaur simulacra (IceCv)
  A hound zombie (D:9)
  A hound skeleton (D:8)
  A worker ant zombie (D:6)
  Robin (D:4)
  21 gnolls
  2 ogre simulacra (IceCv)
  10 adders
  4 naga simulacra (IceCv)
  45 river rats
  5 shadow imps
  26 white imps
  7 oozes
  An adder zombie (D:5)
  19 worms
  6 giant geckos
  123 orcs
  3 ball pythons
  2 giant cockroaches
  22 goblins
  5 hobgoblins
  23 jackals
  5 quokkas
  8 bats
  A giant gecko skeleton (D:6)
  7 giant newts
  A jackal skeleton (D:8)
  A jackal zombie (D:5)
  16 kobolds
  12 rats
  3 briar patches (Swamp:4)
  4 fungi (D:8)
1483 creatures vanquished.

Vanquished Creatures (collateral kills)
  2 worms (Lair:8)
  2 plants (Lair:8)
4 creatures vanquished.

Vanquished Creatures (others)
  A deep elf knight (Elf:2)
  3 swamp dragons (Swamp:4)
  An orc knight (Orc:2)
  A fire drake (Swamp:4)
  2 steam dragons (Swamp:4)
  A mottled dragon (Swamp:4)
  2 swamp drakes (Swamp:4)
  2 orc warriors (Orc:2)
  5 centaurs
  A killer bee (D:7)
  A river rat (Lair:7)
  A giant gecko skeleton (D:4)
  4 kobolds (Bailey)
  A briar patch (Swamp:4)
  8 fungi
  31 plants
65 creatures vanquished.

Grand Total: 1552 creatures vanquished

Notes
Turn   | Place    | Note
--------------------------------------------------------------
     0 | D:1      | vismund the Gargoyle Berserker began the quest for the Orb.
     0 | D:1      | Reached XP level 1. HP: 14/14 MP: 1/1
   168 | D:1      | Reached XP level 2. HP: 13/19 MP: 2/2
   485 | D:1      | Reached skill level 4 in Maces & Flails
   503 | D:1      | Reached ** piety under Trog
   677 | D:1      | Gained mutation: You are partially covered in molten scales (AC +1). [potion of mutation]
   677 | D:1      | Gained mutation: You are partially covered in thin metallic scales (AC +2). [potion of mutation]
   714 | D:2      | Reached XP level 3. HP: 23/23 MP: 3/3
  1438 | D:3      | Reached XP level 4. HP: 28/28 MP: 4/4
  1475 | D:3      | Reached skill level 5 in Maces & Flails
  1650 | D:3      | Noticed BagglesTheElf's ghost (weakling MiBe)
  1656 | D:3      | Killed BagglesTheElf's ghost
  1656 | D:3      | Reached XP level 5. HP: 28/32 MP: 5/5
  1671 | D:3      | Reached *** piety under Trog
  2011 | D:4      | Reached skill level 6 in Maces & Flails
  2032 | D:4      | Noticed Robin
  2076 | D:4      | Killed Robin
  2076 | D:4      | Reached XP level 6. HP: 28/37 MP: 6/6
  2168 | D:4      | You fall through a shaft for 2 floors!
  2238 | D:6      | HP: 1/55 [ogre/giant spiked club (21)]
  2239 | D:6      | Reached skill level 7 in Maces & Flails
  2740 | D:5      | Entered Level 5 of the Dungeon
  2764 | D:5      | Noticed an ice beast
  2776 | D:5      | Killed an ice beast
  2776 | D:5      | Reached skill level 8 in Maces & Flails
  2776 | D:5      | Reached XP level 7. HP: 41/41 MP: 7/7
  2791 | D:5      | Found Bugoivvu's Jewellery Emporium.
  2804 | D:5      | Noticed Prince Ribbit
  2825 | D:4      | Killed Prince Ribbit
  2825 | D:4      | Reached **** piety under Trog
  2929 | D:4      | Noticed Pikel
  2954 | D:4      | Killed Pikel
  2954 | D:4      | Reached skill level 10 in Maces & Flails
  2954 | D:4      | Reached XP level 8. HP: 42/46 MP: 8/8
  2973 | D:4      | Got a distressingly furry scale mail
  2984 | D:4      | Identified the +6 scale mail of Least Resistance {Str+2 Int+3 Dex+4} (You found it on level 4 of the Dungeon)
  2993 | D:4      | Noticed Dowan
  2994 | D:4      | Noticed Duvessa
  3008 | D:4      | Killed Duvessa
  3008 | D:4      | Reached skill level 1 in Shields
  3010 | D:4      | Killed Dowan
  3608 | D:5      | Found a sparkling altar of Nemelex Xobeh.
  3713 | D:5      | Reached skill level 5 in Fighting
  3736 | D:5      | Found a burning altar of Makhleb.
  3746 | D:5      | Found a shimmering altar of Xom.
  3746 | D:5      | Found a shadowy altar of Dithmenos.
  3759 | D:5      | Found a radiant altar of Vehumet.
  3762 | D:5      | Found an iron altar of Okawaru.
  3958 | D:6      | Reached XP level 9. HP: 54/54 MP: 9/9
  4023 | D:6      | Noticed vismund's ghost (novice CeHu)
  4063 | D:6      | Killed vismund's ghost
  4063 | D:6      | Reached skill level 5 in Shields
  4480 | D:6      | Reached ***** piety under Trog
  4959 | D:7      | Found a staircase to the Ecumenical Temple.
  5575 | D:8      | Reached XP level 10. HP: 64/68 MP: 10/10
  5676 | D:8      | Reached skill level 10 in Fighting
  5706 | D:8      | Received a gift from Trog
  6735 | D:9      | Noticed a gargoyle
  6762 | D:9      | Killed a gargoyle
  6762 | D:9      | Reached skill level 11 in Fighting
  6812 | D:9      | Found a deep blue altar of Sif Muna.
  7178 | D:9      | Found a blossoming altar of Fedhas.
  7323 | D:10     | Entered Level 10 of the Dungeon
  7729 | D:10     | Identified a scroll of acquirement
  7806 | D:11     | Reached XP level 11. HP: 72/74 MP: 11/11
  7889 | D:11     | You fall through a shaft!
  7892 | D:12     | Noticed Erolcha
  7892 | D:12     | Reached skill level 5 in Armour
  7896 | D:12     | Noticed Frances
  7909 | D:12     | Killed Frances
  7909 | D:12     | Reached skill level 12 in Maces & Flails
  7928 | D:12     | Killed Erolcha
  7928 | D:12     | Received a gift from Trog
  7929 | D:12     | Got a scorched longbow {god gift}
  7991 | D:12     | Noticed a centaur warrior
  8012 | D:12     | Killed a centaur warrior
  8045 | D:11     | Noticed Sonja
  8046 | D:11     | Found a staircase to the Lair.
  8047 | D:11     | Noticed a cyan ugly thing
  8071 | D:12     | Noticed a deep elf mage
  8080 | D:12     | Killed a deep elf mage
  8334 | D:12     | Noticed a brown ugly thing
  8345 | D:12     | Killed a brown ugly thing
  8418 | D:12     | Reached skill level 13 in Maces & Flails
  8468 | D:12     | Reached XP level 12. HP: 58/80 MP: 12/12
  8955 | D:12     | Found a staircase to the Orcish Mines.
  9222 | D:11     | Reached skill level 10 in Armour
  9475 | D:11     | Reached ****** piety under Trog
  9526 | D:11     | Killed Sonja
  9556 | Lair:1   | Entered Level 1 of the Lair of Beasts
  9679 | Lair:1   | Got a faintly glowing plate armour
  9690 | Lair:1   | Identified the +8 plate armour of Absence {MR+ MP+9 Str+3 Dex-5} (You found it on level 1 of the Lair of Beasts)
  9719 | Lair:1   | Reached skill level 14 in Maces & Flails
  9753 | Lair:1   | Noticed an eight-headed hydra
  9771 | Lair:1   | Killed an eight-headed hydra
 10583 | Lair:2   | Found a labyrinth entrance.
 10592 | Lab      | Entered a labyrinth
 10689 | Lab      | Noticed a minotaur
 10704 | Lab      | Killed a minotaur
 10707 | Lab      | Got a bloodstained gold dragon armour
 10720 | Lab      | Identified the +1 gold dragon armour of Ru's Favour {rPois rF+ rC+ rN+ Dex+4 Stlth+} (You took it off a minotaur in a labyrinth)
 10806 | Lair:2   | Noticed Gastronok
 10842 | Lair:2   | Killed Gastronok
 10842 | Lair:2   | Reached XP level 13. HP: 61/84 MP: 13/13
 11134 | Lair:2   | Found a radiant altar of Vehumet.
 11505 | Lair:3   | Noticed Snorg
 11538 | Lair:3   | Killed Snorg
 11538 | Lair:3   | Reached skill level 15 in Maces & Flails
 11621 | Lair:3   | Noticed Maud
 11660 | Lair:3   | Killed Maud
 11710 | Lair:3   | Received a gift from Trog
 11723 | Lair:3   | Noticed Nergalle
 11796 | Lair:3   | Killed Nergalle
 11901 | Lair:3   | Noticed Fannar
 12037 | Lair:3   | Killed Fannar
 12037 | Lair:3   | Reached skill level 10 in Shields
 12982 | Lair:4   | Got a jewelled cloak
 12988 | Lair:4   | Identified the +1 cloak of Wasted Space {+Inv} (You found it on level 4 of the Lair of Beasts)
 13008 | Lair:4   | Noticed an ice dragon
 13034 | Lair:4   | Killed an ice dragon
 13247 | Lair:4   | Found a staircase to the Swamp.
 13535 | Lair:4   | Received a gift from Trog
 13695 | Lair:5   | Noticed lagrange's ghost (journeyman DDBe)
 15295 | Lair:5   | Killed lagrange's ghost
 15295 | Lair:5   | Gained mutation: Your large and strong wings let you fly indefinitely. [Gargoyle growth]
 15295 | Lair:5   | Reached XP level 14. HP: 94/94 MP: 14/14
 15571 | Lair:6   | Found a hole to the Spider Nest.
 15719 | Lair:6   | Received a gift from Trog
 16631 | Lair:6   | Found a staircase to the Slime Pits.
 16775 | Lair:7   | Found a frozen archway.
 16811 | IceCv    | Entered an ice cave
 17198 | IceCv    | Reached skill level 15 in Fighting
 17245 | IceCv    | Found an ancient bone altar of Kikubaaqudgha.
 18145 | Lair:7   | Received a gift from Trog
 18297 | Lair:7   | Reached skill level 16 in Fighting
 18807 | Lair:8   | Entered Level 8 of the Lair of Beasts
 19459 | Lair:8   | Reached XP level 15. HP: 100/104 MP: 15/15
 19498 | Lair:8   | Received a gift from Trog
 19623 | Lair:8   | Reached skill level 5 in Dodging
 19899 | Lair:8   | Found a runed door.
 19997 | Lair:8   | Received a gift from Trog
 20408 | Orc:1    | Entered Level 1 of the Orcish Mines
 20507 | Orc:2    | Entered Level 2 of the Orcish Mines
 20592 | Orc:2    | Found Sowe Lin's Food Shoppe.
 20592 | Orc:2    | Found Luups's Assorted Antiques.
 20606 | Orc:2    | Found Mawoov's Armour Shop.
 20608 | Orc:2    | Found Kirusew's Food Emporium.
 20620 | Orc:2    | Bought the +0 cloak of Beyond {Str+2 Int+4} for 361 gold pieces
 20716 | Orc:2    | Found Ifol's Antique Weapon Emporium.
 20716 | Orc:2    | Found Ellonous's Food Emporium.
 20942 | Orc:2    | Paralysed by an orc sorcerer for 3 turns
 20972 | Orc:2    | Found Kosapre's Distillery.
 20987 | Orc:2    | Found a staircase to the Elven Halls.
 20994 | Orc:2    | Bought a potion of degeneration for 13 gold pieces
 21164 | Orc:1    | Received a gift from Trog
 21171 | Orc:1    | Found a flagged portal.
 21190 | Bailey   | Entered a bailey
 21195 | Bailey   | Noticed an orc warlord
 21277 | Bailey   | Found a runed gate.
 21279 | Bailey   | Found a runed gate.
 21281 | Bailey   | Found a runed gate.
 21358 | Bailey   | Killed an orc warlord
 21394 | Bailey   | Got a pitted tin ring
 21396 | Bailey   | Identified the ring of Cidweits {rElec MR+ Str+4 Int+2 Dex-4} (You acquired it in a bailey)
 21760 | Orc:2    | Bought a meat ration for 55 gold pieces
 21760 | Orc:2    | Bought a meat ration for 55 gold pieces
 21760 | Orc:2    | Bought a meat ration for 55 gold pieces
 21843 | Orc:2    | Found Puvoam's Weapon Boutique.
 21853 | Orc:2    | Found Faobuk's Jewellery Shoppe.
 21862 | Orc:2    | Bought the amulet of the Four Winds {rN+ MR+++ Clar} for 418 gold pieces
 21972 | Elf:1    | Entered Level 1 of the Elven Halls
 22087 | Elf:1    | Noticed Agnes
 22099 | Elf:1    | Killed Agnes
 22520 | Elf:1    | Found Bepicrum's Antique Armour Boutique.
 22526 | Elf:1    | Bought a pair of jewelled boots for 351 gold pieces
 22542 | Elf:1    | Identified the +4 pair of boots of the Realm of Zot {rPois rF- MR+++ Int-4 Stlth+} (You bought it in a shop on level 1 of the Elven Halls)
 22542 | Elf:1    | Bought a pair of glowing boots for 166 gold pieces
 22683 | Elf:1    | Received a gift from Trog
 22699 | Elf:1    | Reached skill level 17 in Maces & Flails
 22831 | Elf:1    | Noticed a deep elf sorcerer
 22842 | Elf:1    | Killed a deep elf sorcerer
 22842 | Elf:1    | Reached XP level 16. HP: 101/110 MP: 16/16
 23006 | Elf:2    | Found a large runed door.
 23006 | Elf:2    | Found a large runed door.
 23044 | Elf:2    | Found a large runed door.
 23044 | Elf:2    | Found a large runed door.
 23185 | Elf:2    | Noticed a deep elf blademaster
 23206 | Elf:2    | Killed a deep elf blademaster
 23786 | Elf:2    | Found an ancient bone altar of Kikubaaqudgha.
 24073 | Elf:2    | Reached skill level 18 in Maces & Flails
 24106 | Elf:2    | Received a gift from Trog
 24126 | Elf:2    | Reached skill level 10 in Dodging
 25753 | D:13     | Received a gift from Trog
 26246 | D:13     | Reached XP level 17. HP: 109/115 MP: 17/17
 27085 | D:14     | Found a gate to the Vaults.
 27154 | D:14     | Found Wyshroigu's Armour Shop.
 27162 | D:14     | Bought the +9 plate armour of the Tundras {+Blink rPois rN+ Stlth+} for 1118 gold pieces
 27262 | D:15     | Entered Level 15 of the Dungeon
 27346 | D:15     | Received a gift from Trog
 27432 | D:15     | Found Xoxis's Weapon Shop.
 27525 | D:15     | Noticed Josephine
 27540 | D:15     | Killed Josephine
 27618 | D:15     | Found Hajydais's Magic Scroll Boutique.
 27621 | D:15     | Bought a scroll of identify for 24 gold pieces
 27621 | D:15     | Bought a scroll of identify for 24 gold pieces
 27621 | D:15     | Bought a scroll of identify for 24 gold pieces
 27621 | D:15     | Bought a scroll of teleportation for 36 gold pieces
 27621 | D:15     | Bought a scroll of teleportation for 36 gold pieces
 27635 | D:15     | Found Sivaet's Jewellery Shoppe.
 27658 | D:15     | Bought a +3 ring of strength for 204 gold pieces
 27658 | D:15     | Bought a cursed ring of resist corrosion for 221 gold pieces
 27717 | D:15     | Reached skill level 19 in Maces & Flails
 27718 | D:15     | Found Vywobb's Weapon Shop.
 27736 | D:15     | Found Doxeynuk's Food Emporium.
 27976 | D:15     | Found a staircase to the Depths.
 28210 | Swamp:1  | Entered Level 1 of the Swamp
 28813 | Swamp:2  | Received a gift from Trog
 29138 | Swamp:2  | You are sucked into a shaft!
 30255 | Swamp:4  | Entered Level 4 of the Swamp
 30255 | Swamp:4  | Noticed Phlounder's ghost (adept DsTm)
 30269 | Swamp:4  | Killed Phlounder's ghost
 30280 | Swamp:4  | Reached XP level 18. HP: 51/123 MP: 18/18
 30637 | Swamp:4  | Received a gift from Trog
 31192 | Swamp:4  | Noticed dacendoran's ghost (adept DECj)
 31213 | Swamp:4  | Killed dacendoran's ghost
 31943 | Swamp:4  | Got a decaying rune of Zot
 32812 | Swamp:2  | Got a warped crystal plate armour
 32823 | Swamp:2  | Identified the +5 crystal plate armour of Qaurutio {rPois rF- rC++} (You found it on level 2 of the Swamp)
 32938 | Spider:1 | Entered Level 1 of the Spider Nest
 32986 | Spider:1 | Received a gift from Trog
 33230 | Spider:1 | Reached skill level 15 in Armour
 34478 | Spider:2 | Received a gift from Trog
 34954 | Spider:2 | Reached XP level 19. HP: 84/132 MP: 19/19
 34983 | Spider:2 | Received a gift from Trog
 35619 | Spider:3 | Received a gift from Trog
 36145 | Spider:4 | Entered Level 4 of the Spider Nest
 36341 | Spider:4 | Received a gift from Trog
 36796 | Spider:4 | Blown up by an orb spider

Vault maps used:
D:1:      dpeg_arrival_renting
D:4:      uniq_robin, uniq_pikel, uniq_duvessa
D:5:      kennysheep_mini_moat, minmay_overflow_temple_star_hex, serial_shops,
          shop, first_bread, uniq_prince_ribbit1
D:7:      lemuel_temple_firewalk_marked
D:8:      kennysheep_seaside_town
D:9:      fedhas_altar_decomposition, nicolae_overflow_hidden_temple
D:11:     dpeg_lair_monsters, uniq_sonja
D:12:     wad_arrow_thing, david_orc_3, hangedman_little_slice_of_home,
          spider_trap, uniq_erolcha, uniq_frances
D:14:     erik_vaults_1, hangedman_abyss_or_decor_stabs, serial_shops,
          nicolae_shop_statue_plus
D:15:     grunt_enter_depths_magical_seal, serial_shops,
          nicolae_shop_waterfront, nicolae_shop_trees, nicolae_shop_stone,
          nicolae_shop_behind_doors, shop, uniq_josephine
Lair:2:   basic_altar, lab_entry_generic, patterned_corridor, uniq_gastronok
Lair:3:   statuecave_lemuel, uniq_maud, uniq_nergalle, uniq_snorg, uniq_fannar
Lair:4:   minmay_swamp_entry_worms, bobbens_ice_dragon_lair, lemuel_fruit_tree,
          serial_bayou_shore_b
Lair:5:   beast_lair_carwin_7
Lair:6:   nicolae_spider_entry_non_spiders, minmay_slime_entry_oklob_open,
          st_stairs_3
Lair:7:   portal_ice_cave_entry_imps, enter_volcano_4
Lair:8:   wormcave, hangedman_lair_caniforms_friends, serial_bayou_shore_a
Swamp:1:  hangedman_swamp_pad, statue_in_the_mist_lemuel, swamp_pool4,
          infiniplex_staircase_pool
Swamp:2:  nicolae_swamp_trees_clearing
Swamp:3:  nicolae_swamp_round_clearing
Swamp:4:  swamp_fiery, swamp_pool2
Spider:2: hangedman_stitches_earthworm
Spider:4: spider_rune_water
Orc:1:    enter_bailey_3
Orc:2:    st_orc_rangers, serial_shops,
          nicolae_shop_competitors_out_of_business, shop, shop, shop_fountains,
          shop_fountains
Elf:1:    serial_shops, shop, hangedman_elf_represent, uniq_agnes
Elf:2:    serial_shops, bzr_entry_safe, basic_altar, grunt_megastairs_2
Lab:      labyrinth_watery, nicolae_lab_diamond, nicolae_lab_stuck,
          nicolae_lab_do_over
Bailey:   bailey_axe_bossmonster_kennysheep, bailey
IceCv:    ice_cave_small_necro

Action                   |  1- 3 |  4- 6 |  7- 9 | 10-12 | 13-15 | 16-18 | 19-21 || total
-------------------------+-------+-------+-------+-------+-------+-------+-------++-------
Melee: Mace              |   126 |   157 |       |    61 |  1691 |       |       ||  2035
       Flail             |       |    45 |   298 |   875 |       |       |       ||  1218
       Eveningstar       |       |       |       |       |   893 |  1843 |   414 ||  3150
Invok: Berserk           |       |     1 |       |     4 |     8 |     1 |       ||    14
       Trog's Hand       |       |       |       |     3 |     8 |       |       ||    11
       Burn Spellbooks   |       |       |       |       |     9 |     2 |     2 ||    13
 Abil: Stop Flying       |       |       |       |       |     1 |       |       ||     1
       Evoke Invisibilit |       |       |       |       |     1 |       |       ||     1
       Turn Visible      |       |       |       |       |     1 |       |       ||     1
       Evoke Flight      |       |       |       |       |     1 |       |       ||     1
  Use: Scroll            |     6 |     2 |     5 |     9 |    13 |    10 |     5 ||    50
       Potion            |     3 |       |       |     1 |     3 |     4 |     2 ||    13
 Stab: Paralysed         |       |       |       |       |     7 |       |       ||     7
       Confused          |       |       |       |       |     2 |       |       ||     2
       Petrifying        |       |       |       |       |     2 |       |       ||     2
  Eat: Fruit             |     2 |     2 |       |       |    13 |     1 |       ||    18
       Beef jerky        |       |     1 |     3 |     1 |     4 |     1 |     1 ||    11
       Royal jelly       |       |     1 |       |       |       |     8 |       ||     9
       Bread ration      |       |       |     2 |     2 |     5 |     1 |     1 ||    11
       Meat ration       |       |       |       |     2 |     2 |     4 |       ||     8
       Pizza             |       |       |       |     1 |     1 |       |       ||     2
